 Dungeon Sprint DCSS version 0.17-a0-1636-g3119f2b (webtiles) character file.

345364 Kidiri the Invulnerable (level 20, -5/216 HPs)
             Began as a Minotaur Fighter on Aug 6, 2015.
             Was a High Priest of Okawaru.
             Killed from afar by a spellforged servitor (16 damage)
             ... with an iron shot
             ... summoned by Frederick
             ... in the Dungeon (Sprint VII: "The Pits").
             The game lasted 02:01:04 (16311 turns).

Kidiri the Invulnerable (Minotaur Fighter)         Turns: 16311, Time: 02:01:04

Health: -5/216     AC: 49    Str: 28    XL:     20   Next: 80%
Magic:  54/54      EV: 18    Int:  7    God:    Okawaru [*****.]
Gold:   176        SH: 30    Dex: 11    Spells: 0 memorised, 19 levels left

rFire  + + +     SeeInvis +     H - +7 broad axe (flame)
rCold  + + .     Rnd*Rage +     Q - +2 gold dragon armour
rNeg   + + +     SustAt   .     d - +1 large shield
rPois  +         Gourm    .     J - +0 hat {SInv}
rElec  +         Spirit   .     T - +4 dragonskin cloak
rCorr  .         Warding  .     N - +1 pair of gloves
rMut   .         NoTele   +     s - +1 pair of boots {Fly}
MR     ++...                    Z - amulet of the Original Sin {*Drain +Rage rN+++ MR+ SInv}
Stlth  +.........               D - ring "Ytton" {rF+ MP+9 AC+2 Str-3 Slay+6}
                                c - ring "Diuzu" {rPois rC+ MP+9 Str+5 Dex-2}

@: exhausted, heroism, flying, very slightly contaminated, slowed, very slow,
very resistant to hostile enchantments, very unstealthy
A: retaliatory headbutt, hooves 1, horns 2, large bone plates 1, rough black
scales 1, berserk 1, clever 1, poison resistance, spit poison 1
a: Spit Poison, Heroism, Finesse, Renounce Religion, Evoke Berserk Rage, Stop
Flying
}: 3/15 runes: silver, golden, iron


You were in the Dungeon.
You worshipped Okawaru.
Okawaru was extremely pleased with you.
You were not hungry.

You visited 1 branch You collected 176 gold pieces.

Inventory:

Hand weapons
 H - a +7 broad axe of flaming (weapon)
 I - a +7 eveningstar of holy wrath
 R - the +9 mace of Merijil {crush, rN+ Dex+3 Stlth+}
   (Okawaru gifted it to you in the Dungeon)

   It inflicts extra damage upon your enemies.
   It affects your dexterity (+3).
   It protects you from negative energy.
   It makes you more stealthy.
Armour
 d - a +1 large shield (worn)
 s - a +1 pair of boots of flying (worn)
 J - a +0 hat of see invisible (worn)
 N - a +1 pair of gloves (worn)
 Q - a +2 gold dragon armour (worn)
 T - the +4 dragonskin cloak (worn)
   (You took it off Tiamat in the Dungeon)
Jewellery
 c - the ring "Diuzu" (left hand) {rPois rC+ MP+9 Str+5 Dex-2}
   (You found it in the Dungeon)

   [ring of magical power]

   It affects your strength (+5).
   It affects your dexterity (-2).
   It protects you from cold.
   It protects you from poison.
   It affects your magic capacity (+9).
 D - the ring "Ytton" (right hand) {rF+ MP+9 AC+2 Str-3 Slay+6}
   (You found it in the Dungeon)

   [ring of protection]

   It affects your AC (+2).
   It affects your strength (-3).
   It affects your accuracy and damage with ranged weapons and melee attacks
   (+6).
   It protects you from fire.
   It affects your magic capacity (+9).
 Z - the amulet of the Original Sin (around neck) {*Drain +Rage rN+++ MR+ SInv}
   (You found it in the Dungeon)

   [amulet of rage]

   It renders you almost immune to negative energy.
   It affects your resistance to hostile enchantments.
   It lets you see invisible.
   It lets you go berserk.
   It causes draining when unequipped.
Magical devices
 a - a wand of digging (11)
 b - a wand of teleportation (4)
 y - a wand of enslavement (7)
 B - a wand of heal wounds (0)
 C - a wand of hasting (5)
Scrolls
 p - 7 scrolls of remove curse
 q - 5 scrolls of amnesia
 r - a scroll of summoning
 t - 6 scrolls of recharging
 x - 3 scrolls of fear
 A - 7 scrolls of identify
 G - a scroll of fog
Potions
 f - 9 potions of curing
 g - 5 potions of cure mutation
 i - 5 potions of magic
 j - 5 potions of berserk rage
 k - 2 potions of heal wounds
 l - 2 potions of haste
 o - 2 potions of invisibility
 u - 5 potions of agility
 v - 2 potions of brilliance
 w - 2 potions of might
 S - a potion of resistance
Comestibles
 e - 8 bread rations
 m - 40 fruits
 n - 11 meat rations
 z - 6 royal jellies


   Skills:
 O Level 27 Fighting
 O Level 27 Axes
 O Level 27 Maces & Flails
 + Level 17.0(22.0) Throwing
 O Level 27 Armour
 O Level 27 Dodging
 * Level 24.5(27) Stealth
 O Level 27 Shields
 O Level 27 Invocations
 + Level 23.9 Evocations


You had 19 spell levels left.
You didn't know any spells.

Dungeon Overview and Level Annotations

Branches:
Dungeon (1/1)

Altars:
Ashenzari
Cheibriados
Dithmenos
Elyvilon
Fedhas
Gozag
Kikubaaqudgha
Makhleb
Nemelex Xobeh
Okawaru
Qazlal
Ru
Sif Muna
Trog
Vehumet
Xom
Yredelemnul
Zin
The Shining One
Beogh
Jiyva
Lugonu

Annotations:
D Frederick, Mara


Innate Abilities, Weirdness & Mutations

You reflexively headbutt those who attack you in melee.
You have a pair of horns on your head.
You have large cloven feet.
You are partially covered in large bone plates (AC +2, SH +2).
You are partially covered in rough black scales (AC +4, Dex -1).
You tend to lose your temper in combat.
Your mind is acute. (Int +2)
Your system is resistant to poisons.
You can spit weak poison.


Message History

The electric golem is almost destroyed.
You hit the spellforged servitor.
The spellforged servitor is lightly damaged.
You slice the Orb Guardian!! You burn the Orb Guardian.
The Orb Guardian is severely wounded.
The electric golem hurls lightning at you.
The bolt of lightning hits you! You resist.
* * * LOW HITPOINT WARNING * * *
You block the Orb Guardian's attack.
The titan waves its arms in wide circles.
The air twists around and violently strikes you in flight!
* * * LOW HITPOINT WARNING * * *
The tormentor calls on the powers of darkness!
The Orb Guardian convulses!
The titan convulses!
The green draconian knight convulses!
Your body is wracked with pain!
* * * LOW HITPOINT WARNING * * *
The red draconian monk convulses!
The spellforged servitor gestures at you while chanting.
The iron shot hits you!
You die...

########## #######''#### ####
......#..# ###...........### #.+#
.....##..###......q........###+#.
.....#...##........R........##.##
)...##...##.................###+.
#####..#.##.....C..q........# #..
..).)....###....)2.).......####+.
))#)..##.# ###.88X.......### #.##
)))).....# ##'@######### ###
#####[.#.######''################
....##.[.##..........##.....#....
.....#..[##..........##.....#....
.....##..''..#)...#..##..#++#++#+
......#..''..........##..+.......
###########..........##..+......[
###########..#....#))#####..#.(#(
.........++..........##..+.....((


You could see Mara, an electric golem, a red draconian monk, a green draconian
knight (invisible), a titan, an Orb Guardian and a tormentor.

Vanquished Creatures
  the royal jelly (D)
  5 ancient liches (D)
  Tiamat (D)
  3 greater mummies (D)
  the Lernaean hydra (D)
  Margery (D)
  2 Killer Klowns (D)
  2 pandemonium lords (D)
  2 curse toes (D)
  Xtahua (D)
  10 bone dragons (D)
  2 pearl dragons (D)
  2 electric golems (D)
  3 liches (D)
  2 Brimstone Fiends (D)
  A tentacled monstrosity (D)
  7 Hell Sentinels (D)
  4 Orb Guardians (D)
  An Ice Fiend (D)
  4 acid blobs (D)
  4 Shadow Fiends (D)
  2 Executioners (D)
  A deep elf blademaster (D)
  A quicksilver dragon (D)
  2 deep elf master archers (D)
  Murray (D)
  5 titans (D)
  4 sphinxes (D)
  4 shadow dragons (D)
  3 azure jellies (D)
  Wiglaf (D)
  3 ghost moths (D)
  A daeva (D)
  4 balrugs (D)
  5 greater nagas (D)
  2 fire giants (D)
  A draconian knight (D)
  2 frost giants (D)
  3 iron dragons (D)
  Louise (D)
  2 draconian zealots (D)
  2 angels (D)
  3 orc warlords (D)
  16 ghouls (D)
  3 draconian shifters (D)
  A spriggan defender (D)
  4 stone giants (D)
  A draconian caller (D)
  2 ophanim (D)
  A green draconian (D)
  2 deep elf demonologists (D)
  4 vampire knights (D)
  An apis (D)
  2 deep elf annihilators (D)
  2 lorocyprocas (D)
  3 red draconians (D)
  A white draconian (D)
  2 yellow draconians (D)
  3 blizzard demons (D)
  2 ettins (D)
  3 green deaths (D)
  A merfolk javelineer (D)
  2 deep elf death magi (D)
  5 mummy priests (D)
  8 death oozes (D)
  A minotaur (D)
  A yaktaur captain (D)
  6 fire dragons (D)
  2 great orbs of eyes (D)
  2 deep elf high priests (D)
  An ogre mage (D)
  3 naga warriors (D)
  4 ice dragons (D)
  A catoblepas (D)
  An alligator snapping turtle (D)
  A death knight (D)
  4 deep troll shamans (D)
  A hydra (D)
  A dancing weapon (D)
  An iron elemental (D)
  A death yak (D)
  3 vampire magi (D)
  A deep troll earth mage (D)
  2 spriggan berserkers (D)
  A sun demon (D)
  5 deep elf knights (D)
  Nergalle (D)
  A shadow wraith (D)
  5 iron trolls (D)
  3 soul eaters (D)
  5 skeletal warriors (D)
  8 hell knights (D)
  An unseen horror (D)
  3 spriggan druids (D)
  20 deep trolls (D)
  5 swamp dragons (D)
  A large abomination (D)
  A lindwurm (D)
  2 necromancers (D)
  3 orc sorcerers (D)
  A wizard (D)
  10 hill giants (D)
  2 ugly things (D)
  A wolf spider (D)
  3 cyclopes (D)
  12 orc knights (D)
  2 moths of wrath (D)
  A hornet (D)
  A sixfirhy (D)
  A black mamba (D)
  Joseph (D)
  A naga mage (D)
  An eye of devastation (D)
  A gargoyle (D)
  A spiny frog (D)
  A demonic crawler (D)
  A fire drake (D)
  8 guardian mummies (D)
  2 red devils (D)
  A wind drake (D)
  A tormentor (D)
  7 two-headed ogres (D)
  4 merfolk (D)
  8 trolls (D)
  2 giant leeches (D)
  A bog body (D)
  A wandering mushroom (D)
  A small abomination (D)
  A snapping turtle (D)
  A flying skull (D)
  2 trapdoor spiders (D)
  3 blink frogs (D)
  5 yaks (D)
  A ynoxinul (D)
  2 tarantellas (D)
  2 air elementals (D)
  A wyvern (D)
  3 spriggans (D)
  A redback (D)
  3 deep elf fighters (D)
  2 deep elf magi (D)
  A steam dragon (D)
  11 vampire mosquitoes (D)
  3 fire elementals (D)
  3 chaos spawn (D)
  A golden eye (D)
  A neqoxec (D)
  Menkaure (D)
  A hippogriff (D)
  A mottled dragon (D)
  3 nagas (D)
  A sky beast (shapeshifter) (D)
  3 orc warriors (D)
  A wasp (D)
  2 necrophages (D)
  An ice beast (D)
  A sky beast (D)
  A black bear (shapeshifter) (D)
  A black bear (D)
  A phantom (D)
  An eye of draining (D)
  A swamp drake (D)
  8 ogres (D)
  A big kobold (D)
  A brain worm (D)
  3 crocodiles (D)
  A giant frog (D)
  An earth elemental (D)
  A scorpion (D)
  A hound (D)
  An orc priest (D)
  2 iron imps (D)
  An orc wizard (D)
  2 worker ants (D)
  5 sheep (D)
  A mummy (D)
  2 gnolls (D)
  3 giant eyeballs (D)
  2 ufetubi (D)
  An ooze (D)
  2 adder skeletons (D)
  3 adder zombies (D)
  3 adder simulacra (D)
  2 giant geckos (D)
  6 orcs (D)
  3 bat skeletons (D)
  A bat zombie (D)
  A goblin (D)
  A ball python skeleton (D)
  A ball python zombie (D)
  A bat (D)
  5 bat simulacra (D)
  A giant cockroach (D)
  A giant cockroach simulacrum (D)
  A giant cockroach zombie (D)
  A giant gecko simulacrum (D)
  2 giant gecko skeletons (D)
  A jackal simulacrum (D)
  2 jackal skeletons (D)
  A jackal zombie (D)
  2 kobolds (D)
  A quokka zombie (D)
  A rat (D)
507 creatures vanquished.

Vanquished Creatures (others)
  An eldritch tentacle (D)
  A draconian zealot (D)
  A draconian caller (D)
  An ogre mage (D)
  54 eldritch tentacle segments (D)
58 creatures vanquished.

Grand Total: 565 creatures vanquished

Notes
Turn   | Place    | Note
--------------------------------------------------------------
     0 | D        | Kidiri the Minotaur Fighter began the quest for the Orb.
     0 | D        | Reached XP level 1. HP: 19/19 MP: 0/0
    24 | D        | Found a sacrificial altar of Ru.
    24 | D        | Found a basalt altar of Yredelemnul.
    24 | D        | Found a shadowy altar of Dithmenos.
    24 | D        | Found a deep blue altar of Sif Muna.
    24 | D        | Found a burning altar of Makhleb.
    24 | D        | Found a shimmering altar of Xom.
    24 | D        | Found an ancient bone altar of Kikubaaqudgha.
    24 | D        | Found a sparkling altar of Nemelex Xobeh.
    25 | D        | Found a glowing golden altar of the Shining One.
    25 | D        | Found a bloodstained altar of Trog.
    25 | D        | Found a shattered altar of Ashenzari.
    25 | D        | Found a white marble altar of Elyvilon.
    25 | D        | Found a snail-covered altar of Cheibriados.
    25 | D        | Found a blossoming altar of Fedhas.
    25 | D        | Found a radiant altar of Vehumet.
    25 | D        | Found a glowing silver altar of Zin.
    25 | D        | Found a corrupted altar of Lugonu.
    25 | D        | Found a viscous altar of Jiyva.
    25 | D        | Found a roughly hewn altar of Beogh.
    25 | D        | Found an iron altar of Okawaru.
    31 | D        | Found a stormy altar of Qazlal.
    31 | D        | Found an opulent altar of Gozag.
    34 | D        | Became a worshipper of Warmaster Okawaru
    76 | D        | Reached skill level 4 in Shields
    77 | D        | Reached skill level 1 in Dodging
    77 | D        | Reached XP level 2. HP: 24/27 MP: 1/1
   209 | D        | Noticed a worker ant
   212 | D        | Killed a worker ant
   212 | D        | Reached skill level 5 in Armour
   212 | D        | Reached skill level 5 in Shields
   212 | D        | Reached skill level 1 in Invocations
   212 | D        | Reached XP level 3. HP: 32/34 MP: 1/3
   339 | D        | Noticed an ice beast
   340 | D        | Noticed a hound
   356 | D        | Killed an ice beast
   356 | D        | Reached skill level 5 in Fighting
   356 | D        | Reached skill level 6 in Axes
   356 | D        | Reached XP level 4. HP: 24/42 MP: 4/4
   359 | D        | Reached XP level 5. HP: 27/48 MP: 4/6
   363 | D        | Killed a hound
   363 | D        | Acquired Okawaru's first power
   363 | D        | Reached skill level 7 in Armour
   475 | D        | Noticed an orc priest
   478 | D        | Killed an orc priest
   483 | D        | Noticed a demonic crawler
   502 | D        | Killed a demonic crawler
   502 | D        | Reached skill level 8 in Axes
   502 | D        | Reached skill level 9 in Armour
   502 | D        | Reached XP level 6. HP: 19/58 MP: 4/8
   806 | D        | Noticed an iron imp
   806 | D        | Noticed a sky beast
   809 | D        | Killed a sky beast
   809 | D        | Reached skill level 5 in Dodging
   809 | D        | Reached XP level 7. HP: 64/64 MP: 6/9
   816 | D        | Killed an iron imp
   827 | D        | Gained mutation: You tend to lose your temper in combat. [mutagenic meat]
   828 | D        | Gained mutation: You have a pair of large horns on your head. [mutagenic meat]
   829 | D        | Lost mutation: You tend to lose your temper in combat. [mutagenic meat]
   830 | D        | Gained mutation: You expend magic power (3 MP) to strengthen your wands. [mutagenic meat]
   831 | D        | Gained mutation: Armour fits poorly on your strangely shaped body. [mutagenic meat]
   838 | D        | Noticed a big kobold
   838 | D        | Noticed a worker ant
   838 | D        | Noticed a small abomination
   845 | D        | Killed a small abomination
   845 | D        | Reached skill level 10 in Armour
   845 | D        | Reached skill level 10 in Shields
   845 | D        | Reached skill level 5 in Invocations
   846 | D        | Killed a worker ant
   848 | D        | Killed a big kobold
   907 | D        | Got the +2 morningstar of Chagrin {crush, rC+}
   994 | D        | Noticed a vampire mosquito
   994 | D        | Noticed a vampire mosquito
   994 | D        | Noticed a vampire mosquito
   998 | D        | Killed a vampire mosquito
   998 | D        | Reached skill level 10 in Axes
   999 | D        | Killed a vampire mosquito
   999 | D        | Reached XP level 8. HP: 64/74 MP: 7/11
  1003 | D        | Killed a vampire mosquito
  1003 | D        | Reached skill level 11 in Shields
  1021 | D        | Killed a ghost moth
  1021 | D        | Reached skill level 12 in Axes
  1021 | D        | Reached XP level 9. HP: 41/83 MP: 0/13
  1213 | D        | Noticed Menkaure
  1215 | D        | Noticed a lindwurm
  1215 | D        | Noticed a giant frog
  1217 | D        | Noticed an orc sorcerer
  1218 | D        | Noticed a black bear
  1221 | D        | Killed Menkaure
  1221 | D        | Killed a giant frog
  1223 | D        | Killed an orc sorcerer
  1224 | D        | Killed a black bear
  1227 | D        | Killed a lindwurm
  1227 | D        | Acquired Okawaru's second power
  1227 | D        | Received a gift from Okawaru
  1227 | D        | Reached skill level 13 in Shields
  1573 | D        | Noticed a snapping turtle
  1573 | D        | Noticed a swamp drake
  1574 | D        | Noticed a hornet
  1588 | D        | Killed a swamp drake
  1596 | D        | Killed a snapping turtle
  1600 | D        | Killed a hornet
  1907 | D        | Noticed a vampire mosquito
  1907 | D        | Noticed a vampire mosquito
  1907 | D        | Noticed a vampire mosquito
  1907 | D        | Noticed an orc knight
  1907 | D        | Noticed an orc warrior
  1907 | D        | Noticed a troll
  1907 | D        | Noticed a phantom
  1909 | D        | Noticed a two-headed ogre
  1910 | D        | Noticed a trapdoor spider
  1912 | D        | Killed a phantom
  1912 | D        | Reached skill level 10 in Fighting
  1916 | D        | Killed a trapdoor spider
  1916 | D        | Reached XP level 10. HP: 93/93 MP: 7/14
  1917 | D        | Killed an orc warrior
  1918 | D        | Killed a vampire mosquito
  1924 | D        | Killed a vampire mosquito
  1925 | D        | Killed an orc knight
  1932 | D        | Killed a two-headed ogre
  1934 | D        | Killed a troll
  1934 | D        | Reached skill level 14 in Shields
  1940 | D        | Killed a vampire mosquito
  1999 | D        | Noticed a scorpion
  2005 | D        | Killed a scorpion
  2006 | D        | Noticed a spiny frog
  2011 | D        | Killed a spiny frog
  2015 | D        | HP: 3/94 [something (15)]
  2026 | D        | Killed a shadow wraith
  2279 | D        | Noticed a catoblepas
  2279 | D        | Noticed a chaos spawn
  2279 | D        | Noticed a chaos spawn
  2279 | D        | Noticed a spriggan
  2283 | D        | Noticed a wolf spider
  2287 | D        | Killed an unseen horror
  2287 | D        | Killed a chaos spawn
  2289 | D        | Killed a spriggan
  2292 | D        | Killed a chaos spawn
  2295 | D        | Killed a wolf spider
  2295 | D        | Reached skill level 15 in Shields
  2300 | D        | Killed a catoblepas
  2300 | D        | Reached skill level 15 in Armour
  2300 | D        | Reached skill level 10 in Dodging
  2300 | D        | Reached XP level 11. HP: 69/102 MP: 10/16
  2423 | D        | Noticed an eye of draining
  2423 | D        | Noticed a necrophage
  2423 | D        | Noticed a spriggan druid
  2423 | D        | Noticed a steam dragon
  2423 | D        | Noticed a deep elf fighter
  2423 | D        | Noticed a giant leech
  2425 | D        | Noticed a wyvern
  2426 | D        | Noticed a redback
  2435 | D        | Killed a giant leech
  2437 | D        | Killed a necrophage
  2437 | D        | Reached skill level 15 in Axes
  2439 | D        | Killed a wyvern
  2445 | D        | Killed a spriggan druid
  2446 | D        | Killed a deep elf fighter
  2452 | D        | Killed a steam dragon
  2454 | D        | Killed a redback
  2460 | D        | Killed an eye of draining
  2473 | D        | Noticed Joseph
  2484 | D        | Killed Joseph
  2512 | D        | Noticed a trapdoor spider
  2515 | D        | Killed a trapdoor spider
  2883 | D        | Lost mutation: You expend magic power (3 MP) to strengthen your wands. [potion of cure mutation]
  2883 | D        | Lost mutation: Armour fits poorly on your strangely shaped body. [potion of cure mutation]
  2883 | D        | Lost mutation: You have a pair of large horns on your head. [potion of cure mutation]
  3009 | D        | Noticed a gargoyle
  3009 | D        | Noticed a greater naga
  3009 | D        | Noticed a wind drake
  3018 | D        | Killed a greater naga
  3018 | D        | Reached skill level 16 in Shields
  3019 | D        | Noticed an iron imp
  3019 | D        | Noticed an orc knight
  3019 | D        | Noticed an orc warrior
  3019 | D        | Noticed a wasp
  3019 | D        | Noticed a neqoxec
  3025 | D        | Killed a gargoyle
  3027 | D        | Noticed a shadow dragon
  3028 | D        | Killed a wasp
  3030 | D        | Noticed a black bear
  3045 | D        | Killed a shadow dragon
  3045 | D        | Received a gift from Okawaru
  3045 | D        | Reached skill level 10 in Invocations
  3046 | D        | Got a shimmering shield {god gift}
  3050 | D        | Killed a black bear
  3055 | D        | Noticed a troll
  3064 | D        | Killed an orc knight
  3069 | D        | Noticed Nergalle
  3072 | D        | Killed a neqoxec
  3083 | D        | Identified the +2 shield "Tamexkito" {Dex+3} (Okawaru gifted it to you in the Dungeon)
  3086 | D        | Killed Nergalle
  3091 | D        | Killed a wind drake
  3095 | D        | Noticed an orc sorcerer
  3097 | D        | Killed an orc warrior
  3098 | D        | Noticed a soul eater
  3111 | D        | Killed an orc sorcerer
  3114 | D        | Killed an iron imp
  3119 | D        | Killed a soul eater
  3119 | D        | Reached XP level 12. HP: 55/113 MP: 15/18
  3120 | D        | Noticed a naga mage
  3120 | D        | Noticed a red ugly thing
  3122 | D        | Killed a troll
  3122 | D        | Reached skill level 17 in Armour
  3131 | D        | Killed a red ugly thing
  3133 | D        | Noticed a naga
  3135 | D        | Killed a naga
  3138 | D        | Noticed a naga
  3138 | D        | Noticed a brain worm
  3141 | D        | Killed a naga mage
  3143 | D        | Noticed a black mamba
  3147 | D        | Noticed an angel
  3149 | D        | Killed a black mamba
  3150 | D        | Killed a naga
  3177 | D        | Killed an angel
  3178 | D        | Noticed a vampire mosquito
  3182 | D        | Killed a vampire mosquito
  3185 | D        | Killed a brain worm
  3187 | D        | Noticed a naga
  3191 | D        | Killed a naga
  3192 | D        | Noticed a vampire mosquito
  3193 | D        | Killed a vampire mosquito
  3411 | D        | Noticed a yak
  3412 | D        | Noticed a yak
  3412 | D        | Noticed a spriggan druid
  3415 | D        | Noticed a ynoxinul
  3416 | D        | Killed a spriggan druid
  3416 | D        | Reached skill level 1 in Stealth
  3418 | D        | Killed a yak
  3423 | D        | Killed a ynoxinul
  3424 | D        | Noticed a yak
  3424 | D        | Noticed a yak
  3427 | D        | Killed a yak
  3428 | D        | Noticed a crocodile
  3429 | D        | Noticed a yak
  3431 | D        | Killed a yak
  3432 | D        | Killed a yak
  3433 | D        | Killed a yak
  3435 | D        | Killed a crocodile
  3508 | D        | Noticed a merfolk javelineer
  3508 | D        | Noticed a merfolk
  3508 | D        | Noticed a merfolk
  3508 | D        | Noticed a merfolk
  3508 | D        | Noticed a merfolk
  3508 | D        | Noticed a greater naga
  3508 | D        | Noticed an iron troll
  3508 | D        | Noticed a blizzard demon
  3516 | D        | Killed a merfolk
  3517 | D        | Killed a merfolk javelineer
  3521 | D        | Killed a greater naga
  3521 | D        | Received a gift from Okawaru
  3521 | D        | Reached skill level 18 in Armour
  3528 | D        | Killed a merfolk
  3532 | D        | Killed a merfolk
  3533 | D        | Killed a blizzard demon
  3541 | D        | Killed a merfolk
  3546 | D        | Killed an iron troll
  3546 | D        | Received a gift from Okawaru
  3595 | D        | Noticed a minotaur
  3596 | D        | Noticed a blink frog
  3597 | D        | Noticed a deep elf fighter
  3605 | D        | Killed a minotaur
  3605 | D        | Reached skill level 5 in Stealth
  3614 | D        | Noticed a crocodile
  3614 | D        | Noticed a flying skull
  3616 | D        | Killed a deep elf fighter
  3618 | D        | Killed a blink frog
  3626 | D        | Killed a crocodile
  3630 | D        | Killed a flying skull
  3685 | D        | Noticed a blink frog
  3687 | D        | Noticed a blink frog
  3688 | D        | Noticed a tarantella
  3696 | D        | Killed a blink frog
  3700 | D        | Killed a blink frog
  3702 | D        | Killed a tarantella
  3759 | D        | Noticed a vampire mosquito
  3759 | D        | Noticed a vampire mosquito
  3761 | D        | Noticed a vampire mosquito
  3768 | D        | Killed a vampire mosquito
  3769 | D        | Noticed an eight-headed hydra
  3774 | D        | Noticed a tarantella
  3778 | D        | Killed a vampire mosquito
  3780 | D        | Killed a vampire mosquito
  3780 | D        | Reached XP level 13. HP: 121/124 MP: 20/20
  3782 | D        | Killed a five-headed hydra
  3785 | D        | Killed a tarantella
  3909 | D        | Noticed an alligator snapping turtle
  3914 | D        | Noticed a mottled dragon
  3944 | D        | Killed an alligator snapping turtle
  3944 | D        | Reached skill level 1 in Maces & Flails
  3945 | D        | Killed a mottled dragon
  4057 | D        | Noticed a large abomination
  4057 | D        | Noticed a sixfirhy
  4058 | D        | Noticed an orc knight
  4058 | D        | Noticed an orc knight
  4058 | D        | Noticed an orc knight
  4058 | D        | Noticed an orc knight
  4059 | D        | Noticed an orc warlord
  4059 | D        | Noticed an orc knight
  4059 | D        | Noticed an orc warlord
  4059 | D        | Noticed an orc knight
  4060 | D        | Noticed an orc knight
  4060 | D        | Noticed an orc knight
  4066 | D        | Killed a large abomination
  4067 | D        | Killed a sixfirhy
  4079 | D        | Killed an orc warlord
  4079 | D        | Reached skill level 19 in Armour
  4083 | D        | Killed an orc knight
  4086 | D        | Killed an orc knight
  4095 | D        | Killed an orc warlord
  4101 | D        | Killed an orc knight
  4101 | D        | Reached skill level 5 in Maces & Flails
  4104 | D        | Killed an orc knight
  4105 | D        | Noticed a deep elf knight
  4106 | D        | Noticed an air elemental
  4107 | D        | Noticed a naga warrior
  4118 | D        | Killed an air elemental
  4184 | D        | Killed an orc knight
  4189 | D        | Killed an orc knight
  4189 | D        | Received a gift from Okawaru
  4199 | D        | Killed an orc knight
  4604 | D        | Killed a naga warrior
  4622 | D        | Noticed an orc knight
  4651 | D        | Killed an orc knight
  4686 | D        | Killed an orc knight
  4712 | D        | Noticed a naga warrior
  4715 | D        | Noticed a fire dragon
  4717 | D        | Noticed a deep elf knight
  4717 | D        | Noticed a yaktaur captain
  4722 | D        | Killed a deep elf knight
  4724 | D        | Killed a yaktaur captain
  4737 | D        | Killed a fire dragon
  4757 | D        | Killed a deep elf knight
  4863 | D        | Noticed a deep elf knight
  4865 | D        | Noticed a deep elf knight
  4865 | D        | Noticed a death knight
  4865 | D        | Noticed a green death
  4867 | D        | Noticed an orc knight
  4868 | D        | Noticed a naga warrior
  4873 | D        | Killed a green death
  4877 | D        | Killed a deep elf knight
  4879 | D        | Killed a death knight
  4879 | D        | Reached skill level 15 in Fighting
  4879 | D        | Reached skill level 20 in Armour
  4880 | D        | Killed a deep elf knight
  4881 | D        | Killed a naga warrior
  4889 | D        | Killed an orc knight
  4910 | D        | Killed a naga warrior
  4910 | D        | Received a gift from Okawaru
  4911 | D        | Got an ebony broad axe {god gift}
  4912 | D        | Identified the +1 broad axe "Jaramel" {antimagic, MR++} (Okawaru gifted it to you in the Dungeon)
  5276 | D        | Noticed a fire elemental
  5276 | D        | Noticed a death yak
  5276 | D        | Noticed a fire drake
  5277 | D        | Noticed a crocodile
  5277 | D        | Noticed a fire elemental
  5277 | D        | Noticed an eye of devastation
  5283 | D        | Killed a fire drake
  5284 | D        | Killed a fire elemental
  5286 | D        | Killed a fire elemental
  5291 | D        | Killed a death yak
  5293 | D        | Killed a crocodile
  5300 | D        | Killed an eye of devastation
  5469 | D        | Noticed a spriggan
  5477 | D        | Killed a spriggan
  5483 | D        | Noticed a golden eye
  5484 | D        | Noticed a deep troll earth mage
  5484 | D        | Noticed an iron troll
  5484 | D        | Noticed a sphinx
  5484 | D        | Noticed a hippogriff
  5484 | D        | Noticed an ophan
  5484 | D        | Noticed a wandering mushroom
  5484 | D        | Noticed a chaos spawn
  5484 | D        | Noticed Wiglaf
  5484 | D        | Noticed a swamp dragon
  5485 | D        | Noticed an ice dragon
  5490 | D        | Noticed a great orb of eyes
  5493 | D        | Noticed a swamp dragon
  5494 | D        | Killed an ophan
  5494 | D        | Reached XP level 14. HP: 125/135 MP: 2/22
  5496 | D        | Noticed a fire dragon
  5498 | D        | Noticed an air elemental
  5498 | D        | a golden eye changed into a sky beast
  5500 | D        | Killed a sphinx
  5505 | D        | Killed a great orb of eyes
  5505 | D        | Reached skill level 10 in Stealth
  5508 | D        | Killed a chaos spawn
  5509 | D        | Killed an air elemental
  5513 | D        | Noticed a bone dragon
  5517 | D        | Killed an iron troll
  5517 | D        | Reached skill level 10 in Maces & Flails
  5518 | D        | Killed an ice dragon
  5520 | D        | Killed a hippogriff
  5525 | D        | Killed a deep troll earth mage
  5526 | D        | Noticed a deep troll shaman
  5533 | D        | Noticed a spriggan druid
  5537 | D        | Noticed a red ugly thing
  5539 | D        | Killed a fire dragon
  5540 | D        | Noticed a fire elemental
  5545 | D        | Noticed a deep troll
  5546 | D        | Noticed an apis
  5556 | D        | Killed a swamp dragon
  5558 | D        | Noticed a swamp dragon
  5558 | D        | Killed an apis
  5558 | D        | Received a gift from Okawaru
  5559 | D        | Killed a bone dragon
  5559 | D        | Reached skill level 21 in Armour
  5561 | D        | Killed a fire elemental
  5562 | D        | Killed a spriggan druid
  5562 | D        | Killed a deep troll shaman
  5564 | D        | Noticed a swamp dragon
  5566 | D        | Killed a deep troll
  5569 | D        | Killed a swamp dragon
  5571 | D        | Noticed a swamp dragon
  5574 | D        | Killed a swamp dragon
  5574 | D        | Killed a swamp dragon
  5579 | D        | Killed a swamp dragon
  5584 | D        | Noticed a mummy priest
  5587 | D        | Noticed an iron troll
  5588 | D        | Killed a wandering mushroom
  5591 | D        | Noticed a giant leech
  5601 | D        | Killed a mummy priest
  5603 | D        | Killed an iron troll
  5604 | D        | Noticed a deep troll shaman
  5608 | D        | Noticed a spriggan
  5620 | D        | Killed a spriggan
  5624 | D        | Killed a deep troll shaman
  5629 | D        | Noticed an iron troll
  5647 | D        | Killed an iron troll
  5664 | D        | Killed a giant leech
  6021 | D        | Killed a red ugly thing
  6045 | D        | Killed Wiglaf
  6449 | D        | Noticed a fire dragon
  6452 | D        | Noticed an iron dragon
  6454 | D        | Noticed a deep troll
  6456 | D        | Noticed an iron troll
  6456 | D        | Noticed a ghoul
  6457 | D        | Noticed a hell knight
  6483 | D        | Noticed a ghoul
  6483 | D        | Killed a ghoul
  6488 | D        | Killed a fire dragon
  6489 | D        | Noticed a bog body
  6492 | D        | Killed a ghoul
  6494 | D        | Killed a bog body
  6501 | D        | Noticed a green draconian shifter
  6503 | D        | Noticed a deep troll shaman
  6503 | D        | Noticed a balrug
  6505 | D        | Noticed a deep elf knight
  6505 | D        | Noticed a deep troll shaman
  6505 | D        | Noticed a deep troll
  6506 | D        | Noticed a deep elf mage
  6509 | D        | Killed a deep troll
  6510 | D        | Noticed a deep elf fighter
  6510 | D        | Noticed a deep elf mage
  6510 | D        | Noticed a ghoul
  6512 | D        | Killed a deep elf fighter
  6520 | D        | Killed an iron dragon
  6520 | D        | Reached skill level 15 in Dodging
  6523 | D        | Killed a balrug
  6523 | D        | Reached skill level 22 in Armour
  6525 | D        | Killed a deep troll shaman
  6530 | D        | Killed a ghoul
  6530 | D        | Received a gift from Okawaru
  6531 | D        | Killed a deep troll
  6536 | D        | Killed an iron troll
  6538 | D        | Killed a deep troll shaman
  6541 | D        | Killed a deep elf mage
  6548 | D        | Killed a deep elf knight
  6548 | D        | Reached XP level 15. HP: 67/143 MP: 5/24
  6559 | D        | Killed a green draconian shifter
  6564 | D        | Killed a deep elf mage
  6588 | D        | Noticed a fire dragon
  6604 | D        | Killed a fire dragon
  6605 | D        | Noticed a hell knight
  6624 | D        | Killed a hell knight
  6901 | D        | Noticed a hell knight
  6902 | D        | Noticed a necromancer
  6918 | D        | Killed a hell knight
  6919 | D        | Noticed Louise
  6919 | D        | Noticed a hell knight
  6920 | D        | Noticed a ghoul
  6931 | D        | Noticed a hell knight
  6933 | D        | Noticed an angel
  6934 | D        | Killed a necromancer
  6935 | D        | Noticed a ghoul
  6941 | D        | Noticed a ghoul
  6957 | D        | Killed a hell knight
  6960 | D        | Killed a ghoul
  6969 | D        | Killed a ghoul
  6971 | D        | Killed a hell knight
  6976 | D        | Killed an angel
  6980 | D        | Killed a ghoul
  6980 | D        | Reached skill level 15 in Maces & Flails
  6981 | D        | Noticed a daeva
  6985 | D        | Killed a hell knight
  7011 | D        | Killed Louise
  7011 | D        | Reached skill level 23 in Armour
  7018 | D        | Killed a daeva
  7383 | D        | Noticed a ghoul
  7395 | D        | Killed a ghoul
  7527 | D        | Gained mutation: You are partially covered in large bone plates (AC +2, SH +2). [potion of mutation]
  7527 | D        | Gained mutation: Your system is resistant to poisons. [potion of mutation]
  7527 | D        | Gained mutation: Your mind is acute. (Int +2) [potion of mutation]
  7643 | D        | Noticed a pearl dragon
  7654 | D        | Killed a pearl dragon
  7895 | D        | Noticed a Killer Klown
  7906 | D        | Killed a Killer Klown
  7912 | D        | Noticed a Hell Sentinel
  7925 | D        | Killed a Hell Sentinel
  7925 | D        | Received a gift from Okawaru
  7925 | D        | Reached skill level 15 in Invocations
  8259 | D        | Noticed a quicksilver dragon
  8271 | D        | Killed a quicksilver dragon
  8277 | D        | Noticed a curse toe
  8283 | D        | Killed a curse toe
  8283 | D        | Reached skill level 24 in Armour
  8306 | D        | Noticed a Killer Klown
  8328 | D        | Killed a Killer Klown
  8332 | D        | Noticed a deep elf demonologist
  8332 | D        | Noticed a fire giant
  8332 | D        | Noticed a titan
  8332 | D        | Noticed a greater naga
  8332 | D        | Noticed a fire dragon
  8332 | D        | Noticed Tiamat
  8332 | D        | Noticed a yellow draconian
  8332 | D        | Noticed a red draconian
  8338 | D        | Killed a yellow draconian
  8447 | D        | Killed Tiamat
  8447 | D        | Received a gift from Okawaru
  8447 | D        | Reached XP level 16. HP: 51/159 MP: 7/26
  8454 | D        | Killed a red draconian
  8460 | D        | Killed a fire dragon
  8468 | D        | Killed a fire giant
  8472 | D        | Killed a deep elf demonologist
  8480 | D        | Killed a greater naga
  8487 | D        | Killed a titan
  8798 | D        | Noticed a green death
  8801 | D        | Killed a green death
  8804 | D        | Noticed a frost giant
  8813 | D        | Killed a frost giant
  8813 | D        | Reached skill level 25 in Armour
  8883 | D        | Noticed an ancient lich
  8891 | D        | Killed an ancient lich
  8891 | D        | Received a gift from Okawaru
  8891 | D        | Reached skill level 5 in Evocations
  8895 | D        | Noticed a ghoul
  8907 | D        | Killed a ghoul
  8912 | D        | Noticed a titan
  8922 | D        | Killed a titan
  8972 | D        | Noticed a deep elf master archer
  8982 | D        | Killed a deep elf master archer
  9077 | D        | Noticed a vampire mage
  9077 | D        | Noticed a red draconian
  9078 | D        | Noticed a wizard
  9078 | D        | Noticed a deep elf death mage
  9078 | D        | Noticed a sphinx
  9090 | D        | Killed a vampire mage
  9091 | D        | Noticed an ancient lich
  9095 | D        | Noticed a deep elf demonologist
  9102 | D        | Noticed a vampire mage
  9106 | D        | Killed a red draconian
  9106 | D        | Received a gift from Okawaru
  9109 | D        | Killed a vampire mage
  9116 | D        | Killed an ancient lich
  9116 | D        | Reached skill level 26 in Armour
  9118 | D        | Noticed a white draconian shifter
  9123 | D        | Killed an ogre mage
  9124 | D        | Noticed a deep elf high priest
  9124 | D        | Noticed a deep elf annihilator
  9125 | D        | Killed a deep elf demonologist
  9137 | D        | Noticed an earth elemental
  9139 | D        | Killed a deep elf high priest
  9142 | D        | Killed a sphinx
  9144 | D        | Killed an earth elemental
  9147 | D        | Killed a deep elf annihilator
  9159 | D        | Killed a white draconian shifter
  9181 | D        | Noticed a frost giant
  9190 | D        | Killed a frost giant
  9194 | D        | Noticed a deep elf annihilator
  9206 | D        | Killed a deep elf annihilator
  9206 | D        | Received a gift from Okawaru
  9207 | D        | Got a crystal mace {god gift}
  9208 | D        | Identified the +9 mace of Merijil {crush, rN+ Dex+3 Stlth+} (Okawaru gifted it to you in the Dungeon)
  9340 | D        | Killed a deep elf death mage
  9404 | D        | Killed a wizard
  9418 | D        | Noticed a deep elf high priest
  9435 | D        | Killed a deep elf high priest
  9438 | D        | Noticed a black draconian caller
  9442 | D        | Noticed a vampire mage
  9455 | D        | Killed a black draconian caller
  9459 | D        | Killed a vampire mage
  9467 | D        | Noticed an ettin
  9516 | D        | Noticed a greater naga
  9519 | D        | Noticed a greater naga
  9520 | D        | Noticed a sphinx
  9523 | D        | Killed an ettin
  9533 | D        | Paralysed by a sphinx for 6 turns
  9552 | D        | Killed a sphinx
  9561 | D        | Killed a greater naga
  9561 | D        | Reached XP level 17. HP: 117/171 MP: 28/28
  9569 | D        | Killed a greater naga
  9753 | D        | Got the amulet "Ewnamecvao" {Stasis Str+4}
  9755 | D        | Got the amulet of Vuelurua {Faith *Confuse rElec Str+4 Stlth+}
  9757 | D        | Got the amulet of Goall {+Rage MP+9}
  9759 | D        | Got the amulet "Fenwaz" {Stasis rPois rC- Dex+4}
  9761 | D        | Got the ring of Descent {rC++ MP+9 Str-2 Dex+3 Stlth+}
  9763 | D        | Got the ring of Mafezun {rPois EV+2 Dex+3}
  9765 | D        | Got the amulet of the Original Sin {*Drain +Rage rN+++ MR+ SInv}
  9788 | D        | Got the amulet of Hiurr {Faith rN+ Str+2}
  9790 | D        | Got the amulet of Pued {Faith rC+ MR- Int+2}
  9792 | D        | Got the amulet of Vatt {+Rage rF+ SInv}
  9794 | D        | Got the amulet "Sail Vua" {Faith rC+}
  9796 | D        | Got the amulet of Sioteobu {Stasis rElec}
  9798 | D        | Got the ring "Daxkamo Izorgh" {MR+ Dex-2}
  9853 | D        | Got the ring of Xefradgh {Ice Dex+3}
  9855 | D        | Got the ring of the Sky {+Fly rF+}
  9857 | D        | Got the ring of Qisoumub {Fire rElec}
  9859 | D        | Got the ring "Beckull Fuyp" {Fire *Confuse MP+9 Dex+7 SInv}
  9861 | D        | Got the ring of Fyloar {rC+ Int-2 Dex+3 SInv Stlth-}
  9863 | D        | Got the ring of Divine Intervention {rPois Dex+6}
  9865 | D        | Got the ring "Liphely" {Wiz rElec}
  9867 | D        | Got the ring "Gizet" {+Inv rPois Str+6}
  9869 | D        | Got the ring "Like" {Fire rPois Int-4 Dex+2}
  9871 | D        | Got the ring of Raixea {rF+ EV+6}
  9915 | D        | Got the ring "Seetz" {+Fly SInv}
  9917 | D        | Got the ring of Quarrel {Fire Int+3}
  9919 | D        | Got the ring "Dodajoz" {rPois rF- rN+ Str+4 SInv}
 10256 | D        | Noticed a great orb of eyes
 10256 | D        | Noticed a soul eater
 10264 | D        | Killed a soul eater
 10275 | D        | Killed a great orb of eyes
 10277 | D        | Noticed a fire giant
 10277 | D        | Noticed a blizzard demon
 10278 | D        | Noticed an ice dragon
 10279 | D        | Noticed a green death
 10281 | D        | Noticed a curse toe
 10288 | D        | Killed a fire giant
 10290 | D        | Killed an ice dragon
 10293 | D        | Killed a green death
 10293 | D        | Reached skill level 27 in Armour
 10295 | D        | Killed a blizzard demon
 10310 | D        | Killed a curse toe
 10310 | D        | Received a gift from Okawaru
 10310 | D        | Reached skill level 27 in Shields
 10732 | D        | Noticed a titan
 10732 | D        | Noticed a white draconian
 10734 | D        | Noticed a mottled draconian zealot
 10734 | D        | Noticed a spriggan berserker
 10744 | D        | Killed a spriggan berserker
 10751 | D        | Killed a mottled draconian zealot
 10757 | D        | Killed a titan
 10764 | D        | Killed a white draconian
 10772 | D        | Noticed a balrug
 10772 | D        | Noticed a mottled draconian zealot
 10773 | D        | Noticed a deep elf blademaster
 10777 | D        | Noticed a balrug
 10778 | D        | Noticed an acid blob
 10781 | D        | Noticed a deep elf death mage
 10781 | D        | Noticed a pearl dragon
 10784 | D        | Noticed an Executioner
 10787 | D        | Killed a balrug
 10787 | D        | Reached skill level 10 in Evocations
 10793 | D        | Killed a balrug
 10802 | D        | Killed an acid blob
 10802 | D        | Reached skill level 27 in Axes
 10807 | D        | Killed an Executioner
 10812 | D        | Killed a mottled draconian zealot
 10835 | D        | Killed a deep elf blademaster
 10835 | D        | Received a gift from Okawaru
 10845 | D        | Killed a pearl dragon
 10853 | D        | Killed a deep elf death mage
 10857 | D        | Paralysed by a giant eyeball for 2 turns
 11181 | D        | Noticed a death ooze
 11187 | D        | Killed a death ooze
 11188 | D        | Noticed a sun demon
 11188 | D        | Noticed a red devil
 11189 | D        | Noticed a green draconian caller
 11190 | D        | Noticed an Executioner
 11190 | D        | Noticed a balrug
 11193 | D        | Noticed a red devil
 11194 | D        | Killed an Executioner
 11197 | D        | Killed a sun demon
 11203 | D        | Noticed a fire dragon
 11203 | D        | Noticed a green draconian
 11203 | D        | Noticed a white draconian shifter
 11203 | D        | Noticed a lorocyproca
 11203 | D        | Paralysed by a giant eyeball for 3 turns
 11223 | D        | Killed a balrug
 11244 | D        | Killed a lorocyproca
 11251 | D        | Killed a green draconian caller
 11252 | D        | Killed a green draconian
 11259 | D        | Killed a red devil
 11271 | D        | Killed a red devil
 11284 | D        | Noticed a yellow draconian
 11292 | D        | Killed a yellow draconian
 11295 | D        | Killed a fire dragon
 11471 | D        | Noticed a death ooze
 11473 | D        | Noticed a necrophage
 11474 | D        | Noticed a deep elf master archer
 11474 | D        | Noticed a ghoul
 11478 | D        | Paralysed by a giant eyeball for 2 turns
 11481 | D        | Killed a death ooze
 11481 | D        | Killed a necrophage
 11484 | D        | Noticed an ice dragon
 11484 | D        | Paralysed by a giant eyeball for 2 turns
 11491 | D        | Killed an ice dragon
 11492 | D        | Noticed a lorocyproca
 11495 | D        | Killed a deep elf master archer
 11501 | D        | Killed a ghoul
 11501 | D        | Received a gift from Okawaru
 11506 | D        | Killed a lorocyproca
 11518 | D        | Noticed a red draconian
 11519 | D        | Noticed a spriggan defender
 11519 | D        | Noticed a shadow dragon
 11519 | D        | Noticed a Hell Sentinel
 11519 | D        | Noticed an orc wizard
 11520 | D        | Noticed Xtahua
 11521 | D        | Noticed a scimitar of flaming
 11523 | D        | Killed an orc wizard
 11523 | D        | Paralysed by a giant eyeball for 2 turns
 11526 | D        | Noticed an orc warrior
 11527 | D        | Noticed a spriggan berserker
 11529 | D        | Noticed an orc sorcerer
 11530 | D        | Noticed an orc warlord
 11530 | D        | Killed a red draconian
 11532 | D        | Killed a spriggan defender
 11533 | D        | Killed a shadow dragon
 11541 | D        | Killed a Hell Sentinel
 11555 | D        | Killed a spriggan berserker
 11583 | D        | Killed a scimitar of flaming
 11587 | D        | Killed an orc warrior
 11592 | D        | Killed Xtahua
 11596 | D        | Killed an orc sorcerer
 11606 | D        | Killed an orc warlord
 11614 | D        | Killed a white draconian shifter
 11688 | D        | Got the ring "Ytton" {rF+ MP+9 AC+2 Str-3 Slay+6}
 11690 | D        | Got the ring "Foguynn" {rC+ Str+4 Int+3 Dex-4 Slay+3}
 11692 | D        | Got the ring of Afererau {rN+ Str-2 Dex+2 Stlth+}
 11694 | D        | Got the amulet "Obeynymp" {Stasis *Corrode MR+ Dex+6}
 11696 | D        | Got the amulet of Sogytrua {rMut Str-4 Int+6}
 11698 | D        | Got the ring "Horhias" {SustAt Str+3 Slay+5}
 11700 | D        | Got the ring "Ydaeleim" {Str+7 Dex-3}
 11702 | D        | Got the ring "Okimof" {Wiz rPois Str-4 Int+2}
 11876 | D        | Noticed an ophan
 11876 | D        | Noticed a shadow dragon
 11877 | D        | Noticed a ghost moth
 11879 | D        | Noticed an ice dragon
 11886 | D        | Killed a shadow dragon
 11886 | D        | Reached XP level 18. HP: 185/189 MP: 9/31
 11888 | D        | Killed a ghost moth
 11889 | D        | Killed an ophan
 11896 | D        | Killed an ice dragon
 11901 | D        | Gained mutation: You tend to lose your temper in combat. [mutagenic meat]
 11902 | D        | Gained mutation: You have large cloven feet. [mutagenic meat]
 11903 | D        | Gained mutation: You often lose your temper in combat. [mutagenic meat]
 11904 | D        | Lost mutation: You often lose your temper in combat. [mutagenic meat]
 11905 | D        | Gained mutation: You are partially covered in rough black scales (AC +4, Dex -1). [mutagenic meat]
 12166 | D        | Noticed a blizzard demon
 12170 | D        | Killed a blizzard demon
 12172 | D        | Noticed the royal jelly
 12183 | D        | Killed the royal jelly
 12400 | D        | Noticed Margery
 12400 | D        | Noticed a hell knight
 12400 | D        | Noticed a necromancer
 12400 | D        | Noticed a hell knight
 12400 | D        | Noticed a hell knight
 12410 | D        | Killed Margery
 12410 | D        | Reached skill level 15 in Evocations
 12412 | D        | Killed a necromancer
 12416 | D        | Killed a hell knight
 12423 | D        | Killed a hell knight
 12430 | D        | Killed a hell knight
 12494 | D        | Noticed a Hell Sentinel
 12505 | D        | Killed a Hell Sentinel
 12505 | D        | Received a gift from Okawaru
 12603 | D        | Noticed a soul eater
 12607 | D        | Killed a soul eater
 12610 | D        | Noticed the 27-headed Lernaean hydra
 12614 | D        | Killed the 24-headed Lernaean hydra
 12617 | D        | Noticed Ephaptuusm the pandemonium lord
 12626 | D        | Killed Ephaptuusm the pandemonium lord
 12629 | D        | Noticed a sphinx
 12635 | D        | Killed a sphinx
 12641 | D        | Noticed a titan
 12648 | D        | Killed a titan
 12703 | D        | Noticed a shadow dragon
 12709 | D        | Killed a shadow dragon
 12711 | D        | Noticed a moth of wrath
 12714 | D        | Killed a moth of wrath
 12718 | D        | Noticed a tentacled monstrosity
 12731 | D        | Killed a tentacled monstrosity
 12740 | D        | Noticed an acid blob
 12744 | D        | Killed an acid blob
 12747 | D        | Noticed a golden eye
 12751 | D        | Killed a golden eye
 12754 | D        | Noticed a moth of wrath
 12758 | D        | Killed a moth of wrath
 12761 | D        | Noticed a Hell Sentinel
 12766 | D        | Killed a Hell Sentinel
 12775 | D        | Noticed an electric golem
 12790 | D        | Killed an electric golem
 12918 | D        | Noticed an ancient lich
 12923 | D        | Killed an ancient lich
 12923 | D        | Received a gift from Okawaru
 12948 | D        | Noticed a Shadow Fiend
 12955 | D        | Killed a Shadow Fiend
 13166 | D        | Noticed a red draconian knight
 13173 | D        | Killed a red draconian knight
 13177 | D        | Noticed Ceqaps the pandemonium lord
 13177 | D        | Noticed an ettin
 13178 | D        | Noticed a tormentor
 13186 | D        | Killed Ceqaps the pandemonium lord
 13188 | D        | Killed a tormentor
 13190 | D        | Killed an ettin
 13203 | D        | Noticed an iron elemental
 13208 | D        | Killed an iron elemental
 13337 | D        | Noticed an Ice Fiend
 13343 | D        | Killed an Ice Fiend
 13343 | D        | Reached XP level 19. HP: 198/206 MP: 33/33
 13345 | D        | Noticed a Hell Sentinel
 13352 | D        | Killed a Hell Sentinel
 13648 | D        | Noticed a Brimstone Fiend
 13654 | D        | Killed a Brimstone Fiend
 13654 | D        | Reached skill level 27 in Fighting
 13660 | D        | Noticed a Hell Sentinel
 13672 | D        | Killed a Hell Sentinel
 13682 | D        | Noticed Murray
 13694 | D        | Killed Murray
 13701 | D        | Noticed a Brimstone Fiend
 13705 | D        | Killed a Brimstone Fiend
 13712 | D        | Noticed a Shadow Fiend
 13717 | D        | Killed a Shadow Fiend
 13724 | D        | Noticed a death ooze
 13727 | D        | Killed a death ooze
 13730 | D        | Noticed a Shadow Fiend
 13733 | D        | Killed a Shadow Fiend
 13733 | D        | Received a gift from Okawaru
 13739 | D        | Noticed an iron dragon
 13743 | D        | Killed an iron dragon
 13753 | D        | Noticed a Hell Sentinel
 13754 | D        | Noticed an acid blob
 13756 | D        | Killed an acid blob
 13762 | D        | Killed a Hell Sentinel
 13987 | D        | Noticed an iron dragon
 13996 | D        | Killed an iron dragon
 14003 | D        | Noticed an electric golem
 14013 | D        | Killed an electric golem
 14022 | D        | Noticed a green draconian zealot
 14033 | D        | Killed a green draconian zealot
 14039 | D        | Noticed a Shadow Fiend
 14050 | D        | Killed a Shadow Fiend
 14056 | D        | Got the ring "Qiocad" {rElec rC+ Dex+4 SInv}
 14058 | D        | Got the ring "Mir Duat" {Fire rPois MR- Int+5}
 14060 | D        | Got the amulet of Vanity {rMut +Blink rElec rF- MP+9}
 14064 | D        | Got the ring of Wigu {*Confuse rC+ Dex+6 Slay+3 Stlth+}
 14066 | D        | Got the amulet "Esytopru" {Clar SInv}
 14068 | D        | Got the ring of Arruzep {Wiz rF+ Int+7}
 14071 | D        | Got an iron rune of Zot
 14073 | D        | Got the ring of the Barracuda {rF+ Slay+3}
 14076 | D        | Got the ring of Vegifuyc {+Fly Dex+4}
 14079 | D        | Got the ring of Pastrer {rC+ Int+4}
 14082 | D        | Got the amulet "Jogux" {Regen+ MP+9 Int-5 Slay+3}
 14085 | D        | Got the ring of Nuliam {+Fly rPois}
 14087 | D        | Got the ring of the Genius {+Fly rF+ rC- Dex-3 Slay+5}
 14089 | D        | Got the ring of Untruth {rElec MR+ Int+4 SInv}
 14365 | D        | Noticed a deep troll
 14365 | D        | Noticed a hill giant
 14365 | D        | Noticed a two-headed ogre
 14365 | D        | Noticed an ogre
 14365 | D        | Noticed a deep troll
 14365 | D        | Noticed a hill giant
 14365 | D        | Noticed a stone giant
 14365 | D        | Noticed a deep troll
 14365 | D        | Noticed a troll
 14365 | D        | Noticed an ogre
 14365 | D        | Noticed a hill giant
 14365 | D        | Noticed an ogre mage
 14365 | D        | Noticed a troll
 14365 | D        | Noticed a two-headed ogre
 14365 | D        | Noticed a troll
 14365 | D        | Noticed a deep troll
 14365 | D        | Noticed a deep troll
 14365 | D        | Noticed a two-headed ogre
 14365 | D        | Noticed a deep troll
 14365 | D        | Noticed a deep troll
 14365 | D        | Noticed a titan
 14365 | D        | Noticed an ogre
 14365 | D        | Noticed a stone giant
 14365 | D        | Noticed a hill giant
 14365 | D        | Noticed a stone giant
 14365 | D        | Noticed a troll
 14365 | D        | Noticed a deep troll
 14365 | D        | Noticed a hill giant
 14365 | D        | Noticed a deep troll
 14365 | D        | Noticed a two-headed ogre
 14365 | D        | Noticed an ogre
 14365 | D        | Noticed a deep troll
 14365 | D        | Noticed a deep troll
 14365 | D        | Noticed a troll
 14365 | D        | Noticed a troll
 14365 | D        | Noticed a cyclops
 14365 | D        | Noticed a cyclops
 14366 | D        | Noticed a stone giant
 14366 | D        | Noticed a deep troll
 14366 | D        | Noticed a hill giant
 14367 | D        | Killed a two-headed ogre
 14368 | D        | Noticed a hill giant
 14368 | D        | Noticed an ogre
 14368 | D        | Noticed a deep troll
 14368 | D        | Noticed an ogre
 14368 | D        | Noticed a two-headed ogre
 14368 | D        | Noticed a hill giant
 14368 | D        | Noticed an ogre
 14368 | D        | Noticed a deep troll
 14368 | D        | Noticed a deep troll
 14368 | D        | Noticed a cyclops
 14368 | D        | Noticed an ogre
 14368 | D        | Noticed a deep troll
 14368 | D        | Noticed a deep troll
 14368 | D        | Noticed a hill giant
 14368 | D        | Noticed a hill giant
 14368 | D        | Noticed a two-headed ogre
 14370 | D        | Killed a hill giant
 14371 | D        | Killed a stone giant
 14371 | D        | Killed a deep troll
 14371 | D        | Reached skill level 27 in Maces & Flails
 14374 | D        | Killed a hill giant
 14379 | D        | Killed a deep troll
 14379 | D        | Killed a deep troll
 14381 | D        | Killed a deep troll
 14382 | D        | Killed a hill giant
 14382 | D        | Killed a two-headed ogre
 14385 | D        | Killed a two-headed ogre
 14385 | D        | Killed a deep troll
 14388 | D        | Killed a troll
 14389 | D        | Killed a stone giant
 14389 | D        | Killed a deep troll
 14390 | D        | Killed a hill giant
 14390 | D        | Killed a stone giant
 14392 | D        | Killed a deep troll
 14393 | D        | Killed a hill giant
 14394 | D        | Killed a hill giant
 14395 | D        | Killed a deep troll
 14395 | D        | Received a gift from Okawaru
 14396 | D        | Killed a stone giant
 14396 | D        | Reached skill level 15 in Stealth
 14396 | D        | Killed an ogre
 14397 | D        | Killed a troll
 14399 | D        | Killed a titan
 14399 | D        | Reached skill level 1 in Throwing
 14399 | D        | Killed a deep troll
 14400 | D        | Killed a deep troll
 14400 | D        | Killed a two-headed ogre
 14400 | D        | Killed an ogre
 14402 | D        | Killed a deep troll
 14402 | D        | Killed a two-headed ogre
 14403 | D        | Killed a deep troll
 14404 | D        | Killed a hill giant
 14406 | D        | Killed a deep troll
 14406 | D        | Killed an ogre
 14407 | D        | Killed a troll
 14407 | D        | Killed an ogre
 14408 | D        | Killed a deep troll
 14410 | D        | Killed an ogre
 14411 | D        | Killed a deep troll
 14411 | D        | Reached skill level 27 in Dodging
 14411 | D        | Killed an ogre
 14412 | D        | Killed a deep troll
 14412 | D        | Killed an ogre
 14414 | D        | Killed a hill giant
 14415 | D        | Killed a troll
 14416 | D        | Killed a hill giant
 14416 | D        | Killed a troll
 14417 | D        | Killed a hill giant
 14418 | D        | Killed an ogre
 14419 | D        | Killed a deep troll
 14419 | D        | Reached skill level 5 in Throwing
 14421 | D        | Killed a troll
 14423 | D        | Killed an ogre mage
 14424 | D        | Killed a cyclops
 14426 | D        | Killed a two-headed ogre
 14426 | D        | Killed a cyclops
 14426 | D        | Killed a cyclops
 14524 | D        | Got the ring "Diuzu" {rPois rC+ MP+9 Str+5 Dex-2}
 14531 | D        | Got a silver rune of Zot
 14558 | D        | Got the +4 battleaxe "Nogung" {chop, +Inv}
 14799 | D        | Noticed a lich
 14799 | D        | Noticed a bone dragon
 14799 | D        | Noticed a mummy priest
 14799 | D        | Noticed a mummy priest
 14799 | D        | Noticed a bone dragon
 14799 | D        | Noticed a lich
 14799 | D        | Noticed an ancient lich
 14799 | D        | Noticed a bone dragon
 14799 | D        | Noticed a vampire knight
 14799 | D        | Noticed a ghoul
 14799 | D        | Noticed a guardian mummy
 14799 | D        | Noticed a guardian mummy
 14799 | D        | Noticed a ghoul
 14799 | D        | Noticed a ghoul
 14799 | D        | Noticed a mummy priest
 14799 | D        | Noticed a mummy priest
 14799 | D        | Noticed a guardian mummy
 14799 | D        | Noticed a ghoul
 14801 | D        | Noticed a ghoul
 14801 | D        | Noticed a bone dragon
 14801 | D        | Noticed a bone dragon
 14801 | D        | Noticed a greater mummy
 14801 | D        | Noticed a skeletal warrior
 14801 | D        | Noticed a bone dragon
 14801 | D        | Noticed a greater mummy
 14801 | D        | Noticed a guardian mummy
 14801 | D        | Noticed a vampire knight
 14801 | D        | Noticed a guardian mummy
 14801 | D        | Noticed a skeletal warrior
 14801 | D        | Noticed an ancient lich
 14801 | D        | Noticed a vampire knight
 14801 | D        | Noticed a bone dragon
 14801 | D        | Noticed a greater mummy
 14801 | D        | Noticed a skeletal warrior
 14801 | D        | Noticed a skeletal warrior
 14801 | D        | Noticed a mummy priest
 14801 | D        | Noticed a skeletal warrior
 14801 | D        | Noticed a lich
 14804 | D        | Killed a mummy priest
 14822 | D        | Killed a ghoul
 14834 | D        | Killed an ancient lich
 14837 | D        | Killed a vampire knight
 14851 | D        | Killed a bone dragon
 14851 | D        | Received a gift from Okawaru
 14866 | D        | Killed a bone dragon
 14870 | D        | Killed a ghoul
 14872 | D        | Killed a vampire knight
 14875 | D        | Killed a lich
 14886 | D        | Killed an ancient lich
 14886 | D        | Reached skill level 10 in Throwing
 14886 | D        | Reached XP level 20. HP: 66/216 MP: 36/36
 14888 | D        | Killed a bone dragon
 14899 | D        | Killed a bone dragon
 14901 | D        | Killed a lich
 14941 | D        | Killed a lich
 14945 | D        | Killed a skeletal warrior
 14952 | D        | Killed a ghoul
 14959 | D        | Killed a ghoul
 14961 | D        | Killed a guardian mummy
 14970 | D        | Killed a greater mummy
 14987 | D        | Killed a mummy priest
 15338 | D        | Killed a greater mummy
 15342 | D        | Noticed a vampire knight
 15345 | D        | Noticed a guardian mummy
 15347 | D        | Killed a vampire knight
 15355 | D        | Killed a guardian mummy
 15373 | D        | Killed a mummy priest
 15821 | D        | Killed a guardian mummy
 15863 | D        | Killed a bone dragon
 15882 | D        | Killed a guardian mummy
 15894 | D        | Noticed a ghoul
 15899 | D        | Killed a ghoul
 15899 | D        | Reached skill level 27 in Invocations
 15908 | D        | Killed a bone dragon
 15908 | D        | Received a gift from Okawaru
 15922 | D        | Killed a greater mummy
 15922 | D        | Received a gift from Okawaru
 15926 | D        | Killed a skeletal warrior
 15943 | D        | Killed a ghoul
 15949 | D        | Killed a guardian mummy
 15960 | D        | Noticed a guardian mummy
 15964 | D        | Killed a guardian mummy
 15969 | D        | Killed a guardian mummy
 15976 | D        | Noticed a bone dragon
 15976 | D        | Killed a skeletal warrior
 15979 | D        | Noticed a ghoul
 15988 | D        | Killed a bone dragon
 15988 | D        | Reached skill level 15 in Throwing
 15994 | D        | Killed a ghoul
 15997 | D        | Killed a skeletal warrior
 16000 | D        | Killed a skeletal warrior
 16003 | D        | Noticed a guardian mummy
 16011 | D        | Killed a guardian mummy
 16025 | D        | Killed a vampire knight
 16028 | D        | Got the +6 battleaxe "Ciusyunt" {speed, MR+ MP+9}
 16051 | D        | Killed a bone dragon
 16058 | D        | Killed a mummy priest
 16060 | D        | Noticed a bone dragon
 16072 | D        | Killed a bone dragon
 16111 | D        | Gained mutation: You can spit weak poison. [potion of beneficial mutation]
 16132 | D        | Got a golden rune of Zot
 16285 | D        | Noticed an Orb Guardian
 16285 | D        | Noticed an Orb Guardian
 16285 | D        | Noticed an Orb Guardian
 16285 | D        | Noticed an Orb Guardian
 16286 | D        | Noticed a ghost moth
 16289 | D        | Killed an Orb Guardian
 16289 | D        | Killed an Orb Guardian
 16291 | D        | Killed an Orb Guardian
 16292 | D        | Killed an Orb Guardian
 16293 | D        | Noticed an Orb Guardian
 16293 | D        | Noticed Frederick
 16294 | D        | Noticed a titan
 16294 | D        | Noticed an electric golem
 16294 | D        | Noticed an Orb Guardian
 16294 | D        | Noticed a tormentor
 16296 | D        | Noticed a green draconian knight
 16296 | D        | Killed a ghost moth
 16298 | D        | Noticed a balrug
 16299 | D        | Noticed Mara
 16300 | D        | Noticed a red draconian monk
 16300 | D        | Noticed a daeva
 16301 | D        | Noticed Kidiri's illusion
 16311 | D        | Killed from afar by a spellforged servitor

Vault maps used:
D:        pitsprint

Action                   |  1- 3 |  4- 6 |  7- 9 | 10-12 | 13-15 | 16-18 | 19-21 || total
-------------------------+-------+-------+-------+-------+-------+-------+-------++-------
Melee: Hand axe          |    25 |    33 |    19 |       |       |       |       ||    77
       War axe           |     2 |       |    28 |   338 |   113 |       |       ||   481
       Broad axe         |       |       |    30 |       |   428 |   258 |    79 ||   795
       Eveningstar       |       |       |       |       |   154 |   139 |   261 ||   554
       Mace              |       |       |       |       |       |   268 |    53 ||   321
Invok: Heroism           |       |     2 |     4 |     6 |    13 |    13 |     7 ||    45
       Finesse           |       |       |     2 |     6 |    10 |    13 |     7 ||    38
Evoke: Wand              |       |       |       |       |       |     3 |     2 ||     5
  Use: Potion            |       |     1 |     4 |     9 |    22 |    11 |     6 ||    53
       Scroll            |       |       |       |     1 |     9 |     5 |     4 ||    19
 Stab: Confused          |       |       |     1 |       |       |       |       ||     1
       Petrifying        |       |       |       |     1 |       |       |       ||     1
       Sleeping          |       |       |       |       |     3 |       |       ||     3
  Eat: Chunk             |       |       |     5 |     2 |    13 |    12 |       ||    32
       Meat ration       |       |       |     1 |       |     1 |       |       ||     2
       Bread ration      |       |       |       |     1 |     2 |     1 |     3 ||     7
       Beef jerky        |       |       |       |       |       |     1 |       ||     1
       Royal jelly       |       |       |       |       |       |     1 |       ||     1
